 Dungeon Crawl Stone Soup version 0.27.1-33-g824d729ab1 (webtiles) character file.

Game seed: 18250897075011781609

72 Destapler the Sneak (level 4, -5/22 HPs)
             Began as a Spriggan Brigand on Dec 1, 2021.
             Was an Initiate of Makhleb.
             Killed by nerve-wracking pain
             ... invoked by a shadow imp
             ... summoned by Natasha
              (6 damage)
             ... on level 2 of the Dungeon.
             The game lasted 00:03:07 (1860 turns).

Destapler the Sneak (Spriggan Brigand)              Turns: 1860, Time: 00:03:07

Health: -5/22      AC:  3    Str:  8    XL:     4   Next: 6%
Magic:  5/5        EV: 15    Int: 12    God:    Makhleb [......]
Gold:   167        SH:  5    Dex: 16    Spells: 3/3 levels left

rFire    . . .     SeeInvis +   a - +2 dagger
rCold    . . .     Faith    .   l - +0 buckler
rNeg     . . .     Spirit   .   b - +0 robe
rPois    .         Reflect  .   (helmet restricted)
rElec    .         Harm     .   c - +0 cloak
rCorr    .         Rampage  .   (gloves unavailable)
Will     .....                  (boots unavailable)
Stlth    ++++......             (no amulet)
HPRegen  0.07/turn              (no ring)
MPRegen  0.09/turn              (no ring)

@: brilliant, very quick
A: very small, no large weapons, unfitting armour, see invisible, speed 3
a: Renounce Religion


You were on level 2 of the Dungeon.
You worshipped Makhleb.
Makhleb was noncommittal.
You visited 1 branch of the dungeon, and saw 2 of its levels.

You collected 167 gold pieces.

Inventory:

Hand Weapons
 a - a +2 dagger (weapon)
 j - a +1 whip of flaming
Missiles
 d - 8 poisoned darts (quivered)
 e - 2 curare-tipped darts
Armour
 b - a +0 robe (worn)
 c - a +0 cloak (worn)
 l - a +0 buckler (worn)
Scrolls
 f - a scroll of identify {unknown}
 g - a scroll of summoning {unknown}
 i - 2 scrolls of teleportation {unknown}
 k - 3 scrolls of enchant armour {unknown}
Potions
 h - a potion of brilliance


   Skills:
 - Level 1.5 Fighting
 + Level 3.6 Short Blades
 - Level 2.0 Throwing
 - Level 1.4 Dodging
 + Level 7.2 Stealth
 + Level 0.1 Shields
 + Level 0.2 Invocations


You had 3 spell levels left.
You didn't know any spells.
Your spell library contained the following spells:

 Spells                   Type           Power      Damage    Failure   Level
 Conjure Flame            Conj/Fire      0%         6-21      86%         3
 Ignite Poison            Fire/Tmut/Pois 0%         N/A       86%         3
 Sticky Flame             Conj/Fire      0%         2d3       99%         4


Dungeon Overview and Level Annotations

Branches:
Dungeon (2/15)

Altars:
Makhleb

Annotations:
D:2 Natasha


Innate Abilities, Weirdness & Mutations

You are very small and have problems with some larger weapons.
You are too small for most types of armour.
You have supernaturally acute eyesight. (SInv)
You cover ground extremely quickly. (Speed+++)


Message History

Natasha mumbles some strange words.
You miss Natasha.
Natasha is lightly wounded.
Natasha closely misses you.
You hit Natasha.
Natasha is moderately wounded.
Natasha completely misses you.
You hit Natasha.
Natasha is heavily wounded.
Natasha claws you but does no damage.
The iron imp shouts, "Crawl home, thou mangled bat-fowling urchin!"
You miss Natasha.
Natasha is heavily wounded.
Natasha claws you. The iron imp closely misses you.
You closely miss Natasha.
Natasha is heavily wounded.
Natasha casts a spell.
You barely miss Natasha.
Natasha is heavily wounded.
The iron imp hits you. Natasha misses you.
You hit Natasha.
Natasha is heavily wounded.
The iron imp closely misses you. Natasha barely misses you.
You hit Natasha.
Natasha is severely wounded.
The crimson imp blinks!
The iron imp hits you.
* * * LOW HITPOINT WARNING * * *
Natasha mumbles some strange words.
You closely miss Natasha.
Natasha is severely wounded.
You hit Natasha.
Natasha is almost dead.
The shadow imp hits you.
* * * LOW HITPOINT WARNING * * *
You block Natasha's attack. The iron imp misses you.
It was a potion of brilliance.
You feel clever all of a sudden. The shadow imp gestures at you.
Pain shoots through your body!
You die...

....#####.##.#.#### ##.##
###.......##.#....###...##### #
#.....<.......#...........#####
###...#####.>.....###...###......
......# #....#.## ##.## #######
#.##..# #....#.# #.#
#.##..#####....#.#####.##
.............†.5..5.....#
#............).h@.####.##
#..#######....##.5######## #..#
#....##.........# ...#
#....###.######.# #..# #....###.#
#.# #..# #.#...##.# #.# #..#
#...#....# #.# #
...#######.#...#### #.# ## #...
........^## #.# #.


You could see an iron imp (summoned), Natasha, a crimson imp (summoned) and a
shadow imp (summoned).

Vanquished Creatures
  Natasha (D:2)
  A dart slug (D:2)
  4 ball pythons
  5 endoplasms
  3 giant cockroaches
  6 goblins
  2 hobgoblins
  A quokka (D:1)
  4 bats
  3 frilled lizards
  3 kobolds (D:1)
  13 rats
46 creatures vanquished.

Notes
Turn   | Place    | Note
-------+----------+-------------------------------------------
     0 | D:1      | Destapler the Spriggan Brigand began the quest for the Orb.
     0 | D:1      | Reached XP level 1. HP: 10/10 MP: 2/2
    53 | D:1      | Reached skill level 6 in Stealth
   108 | D:1      | Reached XP level 2. HP: 14/14 MP: 3/3
   901 | D:1      | Reached XP level 3. HP: 16/18 MP: 4/4
  1067 | D:2      | Noticed Natasha
  1074 | D:2      | Killed Natasha
  1075 | D:2      | Reached skill level 7 in Stealth
  1086 | D:2      | Found a burning altar of Makhleb.
  1097 | D:2      | Became a worshipper of Makhleb the Destroyer
  1507 | D:2      | Reached XP level 4. HP: 16/22 MP: 5/5
  1836 | D:2      | Noticed Natasha
  1859 | D:2      | HP: 1/22 [shadow imp[Natasha] (4)]
  1860 | D:2      | Killed from afar by a shadow imp

Illustrated notes

Levels and vault maps discovered:
D:1:      tarquinn_simple_flora_water_a, layout_basic,
          hangedman_abyss_or_decor_stabs, minmay_rat_gold_closets
D:2:      layout_loops_ring, basic_altar, uniq_natasha

Skill      XL: |  1  2  3 |
---------------+----------+-----
Stealth        | 6 7 |  7.2
Short Blades   | 3 |  3.6
Fighting       | |  1.5
Throwing       | |  2.0
Dodging        | |  1.4
Shields        | |  0.1
Invocations    | |  0.2

Action                   |  1- 3 |  4- 6 || total
-------------------------+-------+-------++-------
Melee: Dagger            |    81 |    29 ||   110
  Use: Potion            |       |     1 ||     1
 Stab: Sleeping          |    24 |     1 ||    25
Armor: Robe              |     7 |     3 ||    10
Dodge: Dodged            |    33 |    23 ||    56
Block: Buckler           |     1 |     4 ||     5
